 Dungeon Crawl Stone Soup version 0.30-a0-368-g86fb4627a9 (webtiles) character file.

Game seed: 14739827933899591807

67 qeuew the Ducker (level 3, 0/28 HPs)
             Began as a Demonspawn Gladiator on Nov 20, 2022.
             Slain by a gnoll
             ... wielding a +0 spear
              (5 damage)
             ... on level 2 of the Dungeon.
             The game lasted 00:01:59 (1514 turns).

qeuew the Ducker (Demonspawn Gladiator)             Turns: 1514, Time: 00:02:00

Health: 0/28       AC: 12    Str: 16    XL:     3   Next: 98%
Magic:  3/3        EV: 11    Int:  9    God:
Gold:   107        SH:  0    Dex: 14    Spells: 2/2 levels left

rFire   . . .      SeeInvis +    a - +0 war axe
rCold   + . .      Faith    .    (no shield)
rNeg    . . .      Spirit   .    i - +0 ring mail
rPois   .          Reflect  .    c - +0 helmet
rElec   .          Harm     .    (no cloak)
rCorr   .          Rampage  .    (no gloves)
Will    .....                    (no boots)
Stlth   +.........               (no amulet)
HPRegen 0.24/turn                g - ring of protection from cold
MPRegen 0.08/turn                m - ring of see invisible

@: sanguine armoured
A: sanguine armour 1, demonic magic 1
a: no special abilities


You were on level 2 of the Dungeon.
You visited 1 branch of the dungeon, and saw 2 of its levels.

You collected 107 gold pieces.

Inventory:

Hand Weapons
 a - a +0 war axe (weapon)
Missiles
 d - 3 throwing nets (quivered)
 e - a javelin
Armour
 c - a +0 helmet (worn)
 i - a +0 ring mail (worn)
Jewellery
 b - a ring of magical power
 g - a ring of protection from cold (left hand)
 m - a ring of see invisible (right hand)
Scrolls
 h - a scroll of identify
 j - a scroll of teleportation {unknown}


   Skills:
 + Level 2.4 Fighting
 + Level 3.0 Axes
 + Level 2.2 Throwing
 * Level 1.7 Armour
 + Level 3.0 Dodging


You had 2 spell levels left.
You didn't know any spells.
Your spell library was empty.

Dungeon Overview and Level Annotations

Branches:
Dungeon (2/15)

Altars:

Shops:
D:1 *


Innate Abilities, Weirdness & Mutations

When seriously injured, your blood forms armour. (AC +6)
Spells you cast may paralyse adjacent enemies.


Message History

The gnoll hits you with a +0 spear!
* * * LOW HITPOINT WARNING * * *
You barely miss the gnoll. The gnoll closely misses you.
You closely miss the gnoll. The gnoll barely misses you.
A gnoll comes into view. It is wielding a +0 spear.
The gnoll hits you with a +0 spear.
* * * LOW HITPOINT WARNING * * *
You closely miss the gnoll.
The gnoll shouts!
The gnoll closely misses you.
It was a potion of brilliance.
You feel clever all of a sudden. The gnoll hits you but does no damage.
You barely miss the gnoll. The gnoll barely misses you.
The gnoll barely misses you.
The gnoll hits you from afar with a +0 spear.
* * * LOW HITPOINT WARNING * * *
There is a stone staircase leading up here.
The gnoll misses you. The gnoll closely misses you.
You climb upwards.
There is a stone staircase leading down here.
There is a stone staircase leading down here.
You start resting.
You feel a little less clever now.
You climb downwards.
The gnoll closely misses you.
The gnoll hits you from afar with a +0 spear.
* * * LOW HITPOINT WARNING * * *
The gnoll hits you but does no damage.
There is a stone staircase leading up here.
The gnoll hits you but does no damage. The gnoll closely misses you.
You barely miss the gnoll. You hit the gnoll.
The gnoll hits you with a +0 spear.
* * * LOW HITPOINT WARNING * * *
The gnoll misses you.
You barely miss the gnoll. x2; The gnoll barely misses you.
The gnoll closely misses you. The gnoll barely misses you. x2
Unknown command.
You hit the gnoll but do no damage. You closely miss the gnoll.
The gnoll hits you with a +0 spear.
You die...

# #.....##......#..#
#.....##.#......<#
#.....##.####.##.##
#..........##.#.#.## #######
########.#.##..###.####......
#.#....## ##........##
###########.......###.####.##...
#................#.#.## #.#####
#.#.##.#.......@<##.## #......
#.#.##.#...##.gg)#### #######
#.#.##.....##..#.#
....##.....)...#.#
#.#.##.#.#.###.#.# ##.#......#.#
#.#[# ..#.†....#.. ....#
##.#......###...... ...#......#
.#.##.


You could see 2 gnolls.

Vanquished Creatures
  A gnoll (D:2)
  2 adders (D:2)
  2 dart slugs (D:2)
  4 endoplasms
  3 giant cockroaches
  3 goblins
  2 hobgoblins
  3 jackals (D:1)
  2 quokkas
  A ball python (D:2)
  3 bats
  3 kobolds
  6 rats
35 creatures vanquished.

Notes
Turn   | Place    | Note
-------+----------+-------------------------------------------
     0 | D:1      | qeuew the Demonspawn Gladiator began the quest for the Orb.
     0 | D:1      | Reached XP level 1. HP: 16/16 MP: 1/1
    89 | D:1      | Gained mutation: Spells you cast may paralyse adjacent
                  | enemies. [demonic ancestry]
    89 | D:1      | Reached XP level 2. HP: 22/22 MP: 2/2
   195 | D:1      | Found Isakh's Assorted Antiques.
   449 | D:1      | Reached skill level 1 in Armour
  1012 | D:2      | Gained mutation: When seriously injured, your blood forms
                  | armour. (AC +6) [demonic ancestry]
  1012 | D:2      | Reached XP level 3. HP: 27/27 MP: 3/3
  1476 | D:2      | HP: 1/28 [gnoll/+0 spear (2)]
  1514 | D:2      | Slain by a gnoll

Illustrated notes

Levels and vault maps discovered:
D:1:      dpeg_arrival_houses_and_road, layout_loops_ring, serial_shops, shop,
          minmay_pentomino_s2
D:2:      layout_loops_cross

Skill      XL: |  1  2  3 |
---------------+----------+-----
Throwing       | 2 |  2.2
Armour         | 1 |  1.7
Dodging        | 3 |  3.0
Axes           | 3 |  3.0
Fighting       | |  2.4

Action                   || total
-------------------------++-------
Melee: War axe           ||    89
       Punch             ||     1
  Use: Scroll            ||     6
       Potion            ||     1
Armor: Leather armour    ||    30
       Ring mail         ||     8
Dodge: Dodged            ||    71

Table legend: (Time is in decaauts)
 A = Elapsed time spent in this place.
 B = Non-inter-level travel time spent in this place.
 C = Inter-level travel time spent in this place.
 D = Time resting spent in this place.
 E = Time spent auto-exploring this place.
 F = Levels seen in this place.
 G = Mean time per level.
                   A        B        C        D        E       F      G
               +--------+--------+--------+--------+--------+-----+--------+
         Total |   1543 |   1475 |     68 |     64 |   1148 |   2 |  771.5 |
       Dungeon |   1543 |   1475 |     68 |     64 |   1148 |   2 |  771.5 |
               +--------+--------+--------+--------+--------+-----+--------+

Top non-repeatable levels by time:
     D:1: 920 daAuts
     D:2: 623 daAuts
